 Dungeon Crawl Stone Soup version 0.24-a0-462-ge24419a6ad (console) character file.

Game seed: 2246287072962819390

5 Lexodia the Grave Robber (level 1, 0/13 HPs)
             Began as a Demonspawn Necromancer on July 1, 2019.
             Slain by a leopard gecko (3 damage)
             ... on level 1 of the Dungeon.
             The game lasted 00:00:37 (163 turns).

Lexodia the Grave Robber (Demonspawn Necromancer)    Turns: 163, Time: 00:00:38

Health: 0/13       AC:  2    Str:  8    XL:     1   Next: 66%
Magic:  3/3        EV: 12    Int: 16    God:
Gold:   0          SH:  0    Dex: 13    Spells: 3/4 levels left

rFire    . . .     SeeInvis .   e - +0 dagger (drain)
rCold    . . .     Gourm    .   (no shield)
rNeg     . . .     Faith    .   a - +0 robe
rPois    .         Spirit   .   (no helmet)
rElec    .         Reflect  .   (no cloak)
rCorr    .         Harm     .   (no gloves)
MR       .....                  (no boots)
Stlth    ++........             (no amulet)
HPRegen  0.04/turn              (no ring)
MPRegen  0.08/turn              (no ring)

@: lightly drained
A: no striking features
a: no special abilities


You were on level 1 of the Dungeon.
You were not hungry.

You visited 1 branch of the dungeon, and saw 1 of its levels.

Inventory:

Hand Weapons
 e - a +0 dagger of draining (weapon)
Armour
 a - a +0 robe (worn)
Scrolls
 b - a scroll of identify {unknown}
 d - a scroll of teleportation {unknown}
 f - a scroll of immolation {unknown}
Comestibles
 c - a ration


   Skills:
 - Level 2.0(1.7) Dodging
 - Level 2.0(1.7) Stealth
 - Level 2.0(1.8) Spellcasting
 + Level 4.5(4.3) Necromancy


You had 3 spell levels left.
You knew the following spells:

 Your Spells              Type           Power        Failure   Level  Hunger
a - Pain                  Necr           ###.         3%          1    ##.....

Your spell library contained the following spells:

 Spells                   Type           Power        Failure   Level  Hunger
 Animate Skeleton         Necr           N/A          3%          1    ##.....
 Vampiric Draining        Necr           ###.......   11%         3    ####...
 Regeneration             Chrm/Necr      #.........   26%         3    ####...
 Animate Dead             Necr           N/A          34%         4    #####..


Dungeon Overview and Level Annotations

Branches:
Dungeon (1/15)

Altars:


Message History

You closely miss the leopard gecko. The leopard gecko closely misses you.
You barely miss the leopard gecko. The leopard gecko closely misses you.
You closely miss the kobold. The leopard gecko closely misses you.
The kobold barely misses you.
A frilled lizard comes into view.
The leopard gecko bites you.
The frilled lizard hisses angrily.
You hit the kobold but do no damage. The kobold misses you.
The leopard gecko bites you.
* * * LOW HITPOINT WARNING * * *
You are too injured to fight recklessly!
You are too injured to fight recklessly!
You are too injured to fight recklessly!
You are too injured to fight recklessly!
You are too injured to fight recklessly!
You are too injured to fight recklessly!
You are too injured to fight recklessly!
Huge Dmg: -46%(-6hp) hp: 24%(3hp)
The leopard gecko closely misses you. The leopard gecko bites you.
You die...

#..###....#.# #....##....
##......#.##.## #..........
.....#..#.##..# #..........
.....#....###.####..........
.......#..# ...........###..
.......#..# .##....†#### #.†
.......#..# .#........####..
......>..(##.#..†.....#.....
.....#..(.K@.#.......(..##..
... #.#.rl###...>....####.#
. #.#(l.###........####.#
#.....................#
##.#....##..##...##....
........##..##...# ...
.##....##..##..##.# ..
#.#..##..##..####
.......##.<##..#


You could see a leopard gecko, a kobold, a frilled lizard and a rat.

Vanquished Creatures
  A leopard gecko (D:1)
  A giant cockroach (D:1)
  A bat (D:1)
  A goblin (D:1)
  A rat (D:1)
5 creatures vanquished.

Notes
Turn   | Place    | Note
-------+----------+-------------------------------------------
     0 | D:1      | Lexodia the Demonspawn Necromancer began the quest for the
                  | Orb.
     0 | D:1      | Reached XP level 1. HP: 13/13 MP: 3/3
   161 | D:1      | Huge Dmg: 6 dmg
   163 | D:1      | Slain by a leopard gecko

Levels and vault maps discovered:
D:1:      lightli_iron_boxes, layout_rooms

Skill      XL: |  1 |
---------------+----+-----
Stealth        | 2 |  2.0
Dodging        | 2 |  2.0
Spellcasting   | |  2.0
Necromancy     | |  4.5

Action                   || total
-------------------------++-------
Melee: Dagger            ||     5
       Unarmed           ||     3
 Cast: Pain              ||     9
Dodge: Dodged            ||    13

Table legend:
 A = Non-vault XP
 B = Vault XP
 C = Vault XP percentage of total XP
 D = Non-vault monster count
 E = Vault monster count
 F = Vault count percentage of total count
                 A         B        C        D         E       F
            +---------+---------+-------+---------+---------+-------
      Total |       8 |       0 |   0.0 |       5 |       0 |   0.0
            +---------+---------+-------+---------+---------+-------
        D:1 |       8 |       0 |   0.0 |       5 |       0 |   0.0
            +---------+---------+-------+---------+---------+-------
